Map: Vereister Tempel

Players

XPA - Winner!

  • Race: Terran Terran
  • League: Master

razor

  • Race: Terran Terran
  • League: Master

VOD

Have the link to the VOD?

Description

Time

  • Played on: Nov. 3, 2016, 5:53 p.m.
  • Length: 23:20
Show
View Real Time Build Order
Export as new Build Order

XPA Terran - Winner!

Build Orders: Liberator Opening, Reaper Expand 

Get SALT Encoding   

  12  0:00  SCV  
  13  0:13  SCV  
  14  0:18  Supply Depot  
  14  0:25  SCV  
  15  0:29  Refinery  
  15  0:39  SCV  
  16  0:46  Barracks  
  16  0:51  SCV  
  17  1:03  SCV  
  18  1:16  SCV  
  19  1:33  Orbital Command  
  19  1:34  Reaper  
  20  1:49  Command Center, Unknown  
  20  1:56  Factory  
  20  2:00  SCV  
  21  2:11  Supply Depot  
  21  2:12  Reaper  
  22  2:16  SCV  
  22  2:22  Refinery  
  22  2:28  SCV  
  23  2:40  Hellion, SCV  
  26  2:44  Starport  
  26  2:54  Barracks Reactor  
  26  2:56  SCV  
  27  3:01  Unknown  
  28  3:06  Hellion  
  26  3:17  SCV  
  25  3:26  Orbital Command  
  25  3:39  Liberator, Hellion x2  
  26  3:44  Marine  
  26  3:46  SCV  
  25  3:57  SCV  
  25  4:00  SCV  
  25  4:09  SCV  
  21  4:13  SCV  
  22  4:24  Hellion  
  23  4:31  SCV  
  23  4:36  SCV  
  24  4:40  Starport Tech Lab  
  24  4:44  SCV  
  25  4:53  Hellion  
  25  4:55  SCV  
  25  4:58  SCV  
  27  5:07  SCV  
  27  5:12  Hellion  
  30  5:14  Hellion  
  30  5:16  SCV  
  30  5:19  SCV  
  34  5:28  SCV  
  33  5:31  SCV  
  27  5:44  SCV x2  
  27  5:46  Hellion  
  25  5:55  Marine  
  23  6:04  SCV x2  
  25  6:16  SCV x2  
  25  6:23  Hellion x2  
  27  6:25  Cloaking Field  
  27  6:29  Banshee  
  30  6:33  SCV  
  30  6:35  SCV  
  32  6:45  SCV  
  32  6:47  SCV  
  36  6:54  Hellion x2  
  36  6:59  SCV  
  36  7:00  SCV  
  36  7:01  Orbital Command  
  40  7:05  Barracks Tech Lab  
  37  7:12  Banshee  
  40  7:18  SCV  
  40  7:19  Engineering Bay  
  41  7:23  Supply Depot x2  
  41  7:26  Hellion  
  43  7:30  SCV  
  43  7:34  SCV  
  45  7:43  SCV  
  42  7:52  SCV  
  42  7:55  SCV  
  40  8:04  SCV  
  41  8:07  SCV  
  41  8:09  Marine  
  43  8:16  SCV  
  43  8:19  SCV  
  42  8:24  Barracks  
  42  8:26  Barracks  
  40  8:27  Marine, Barracks  
  40  8:28  SCV  
  40  8:31  SCV  
  43  8:36  Terran Infantry Weapons Level 1  
  43  8:40  Stimpack, SCV  
  44  8:43  SCV  
  45  8:49  Starport Reactor  
  45  8:52  SCV  
  45  8:55  SCV  
  47  9:02  Supply Depot  
  47  9:04  Missile Turret x2, SCV  
  47  9:05  Refinery  
  47  9:06  Refinery  
  47  9:07  SCV  
  47  9:09  Marine  
  50  9:11  Combat Shields  
  50  9:12  Marine  
  50  9:15  Barracks Reactor  
  50  9:16  Factory Tech Lab, SCV  
  52  9:23  SCV  
  53  9:25  Marine x2  
  53  9:26  Medivac x2  
  53  9:29  SCV  
  60  9:32  Supply Depot  
  60  9:35  Marine x2, SCV  
  61  9:39  Siege Tank  
  61  9:41  SCV  
  61  9:43  Marine  
  63  9:47  SCV  
  64  9:53  SCV  
  64  9:56  Medivac x2  
  64  9:59  SCV  
  70  10:00  Marine  
  70  10:01  Marine x5  
  43  10:16  SCV x2  
  43  10:18  Marine x2  
  40  10:28  Marine, SCV x2  
  40  10:29  Marine x3  
  46  10:38  Marine  
  46  10:40  SCV  
  46  10:41  SCV  
  49  10:52  SCV  
  49  10:53  SCV  
  49  10:55  Marine  
  52  11:03  Supply Depot  
  52  11:05  SCV  
  52  11:08  SCV  
  48  11:31  SCV x2  
  48  11:32  Marine  
  43  11:33  Marine x5  
  49  11:51  Orbital Command  
  46  11:57  Marine x5  
  46  11:58  Siege Tank  
  46  12:00  SCV  
  55  12:05  Terran Infantry Armor Level 1  
  55  12:12  SCV  
  55  12:15  Marine  
  57  12:16  Marine  
  57  12:19  SCV  
  58  12:30  Siege Tank  
  58  12:31  Marine  
  58  12:32  Marine  
  58  12:33  SCV  
  64  12:43  SCV  
  62  12:45  SCV  
  53  12:55  SCV  
  53  12:57  SCV  
  53  12:58  Marine x4  
  45  12:59  Medivac  
  45  13:02  Siege Tank  
  53  13:10  Marine x2  
  52  13:13  SCV  
  52  13:16  Marine  
  52  13:18  SCV  
  55  13:22  Marine x2  
  55  13:26  Medivac  
  59  13:28  SCV  
  59  13:29  Marine  
  59  13:30  Marine  
  62  13:37  Marine  
  62  13:38  Marine, Armory  
  62  13:40  Marine  
  65  13:45  Medivac  
  65  13:47  Marine, Siege Tank  
  71  13:51  Marine x2  
  71  13:54  SCV x2  
  71  13:55  Marine  
  75  13:59  Supply Depot  
  67  14:24  Marine x2  
  67  14:31  SCV x2  
  65  14:36  Medivac x2, Marine  
  65  14:37  Marine x3  
  73  14:39  Siege Tank  
  73  14:42  Marine x2  
  73  14:43  SCV x2  
  80  14:47  Barracks x2  
  80  14:52  Command Center, Unknown  
  80  14:54  Marine x3  
  80  14:55  SCV x2  
  80  14:58  Terran Infantry Weapons Level 2  
  85  15:07  SCV  
  85  15:14  Supply Depot  
  86  15:15  Supply Depot  
  86  15:35  Marine, Medivac x2, Siege Tank  
  94  15:36  Marine x5, SCV x2  
  101  15:47  Marine  
  102  15:54  Marine, SCV  
  102  15:56  Marine  
  102  15:57  Marine x3  
  102  16:04  Marine x3, Unknown, SCV  
  96  16:12  Marine  
  96  16:13  Marine  
  96  16:14  Marine  
  96  16:15  Marine x2  
  98  16:23  SCV x2  
  93  16:29  Marine x3  
  93  16:30  Marine  
  93  16:31  SCV  
  88  16:35  Planetary Fortress  
  88  16:40  Supply Depot  
  88  16:41  Marine x2, Engineering Bay, Supply Depot  
  88  16:42  Medivac x2, Siege Tank  
  88  16:45  Barracks  
  97  16:48  Marine  
  97  16:49  Marine, Barracks Reactor  
  97  16:50  Barracks Reactor  
  99  16:57  Marine x2  
  99  16:59  Marine x2  
  103  17:03  SCV  
  103  17:04  SCV  
  103  17:07  Supply Depot  
  105  17:09  Supply Depot  
  105  17:10  Marine x2  
  105  17:15  Marine x2  
  105  17:16  SCV  
  105  17:17  Marine x2  
  105  17:21  Terran Infantry Armor Level 2, SCV x2  
  105  17:22  Terran Infantry Weapons Level 3  
  108  17:39  Marine  
  108  17:40  Marine x5  
  108  17:41  Barracks Reactor  
  113  17:48  SCV x2  
  113  17:51  Marine x3, Terran Vehicle Weapons Level 1  
  115  17:52  Marine  
  115  17:53  Siege Tank  
  115  17:56  Refinery x2  
  115  17:57  Marine  
  115  17:58  Marine x3  
  125  17:59  Refinery x2  
  126  18:13  Marine x6  
  132  18:22  Marine x4  
  132  18:23  Medivac  
  138  18:34  Marine x3  
  125  18:39  Hellion  
  129  18:43  Marine  
  129  18:44  Marine x5  
  129  18:45  Medivac  
  137  18:50  SCV x3  
  137  18:53  Marine  
  137  18:54  Marine x5  
  146  19:00  Siege Tank  
  146  19:01  Command Center, Unknown  
  149  19:10  Supply Depot  
  149  19:13  Supply Depot  
  149  19:16  Supply Depot  
  149  19:23  Marine x2  
  149  19:24  Marine, SCV  
  149  19:26  Marine  
  135  19:31  Marine x8  
  137  19:42  Marine  
  130  19:49  Marine x2  
  130  19:52  Marine  
  132  19:53  Marine  
  133  20:13  Unknown  
  129  20:23  Orbital Command  
  126  20:44  SCV  
  97  21:13  Orbital Command  
  97  21:22  Marine x3  
  97  21:23  Marine  
  98  21:31  SCV  
  100  21:32  SCV  
  100  21:44  Marine x3  
  100  21:45  Marine x4  
  106  21:52  Marine x2  
  108  21:56  SCV x3  
  108  22:24  SCV x3  
  111  22:30  Marine x2  
  111  22:31  Marine x6  
  111  22:34  Marine x3  
  111  22:35  Marine  
  111  22:36  SCV  
  123  22:48  Marine x3  
  123  22:49  Marine x2  
  128  22:58  Command Center, Unknown  
Show
View Real Time Build Order
Export as new Build Order

razor Terran 

Build Orders:  

Get SALT Encoding   

  12  0:00  SCV  
  13  0:12  SCV  
  14  0:18  Supply Depot  
  14  0:25  SCV  
  15  0:31  Refinery  
  15  0:39  SCV  
  16  0:45  Barracks  
  16  0:51  SCV  
  17  1:04  SCV  
  18  1:16  SCV  
  19  1:19  Barracks  
  19  1:23  Refinery  
  19  1:34  Reaper, Supply Depot  
  20  1:46  Orbital Command  
  20  2:05  Reaper  
  20  2:06  Reaper  
  22  2:11  Factory  
  22  2:14  SCV  
  23  2:27  SCV  
  23  2:28  Supply Depot  
  24  2:38  Reaper x2  
  24  2:39  SCV  
  27  2:51  SCV  
  28  2:55  Hellion  
  30  3:06  SCV  
  30  3:10  Reaper x2  
  30  3:20  SCV  
  30  3:21  Hellion  
  30  3:25  Starport  
  33  3:28  Supply Depot  
  33  3:32  SCV  
  34  3:42  Reaper  
  34  3:44  Reaper  
  34  3:45  Hellion  
  38  4:08  SCV  
  37  4:11  Factory Tech Lab  
  37  4:13  Medivac  
  37  4:14  Reaper  
  37  4:16  Bunker  
  36  4:25  Command Center, Unknown  
  36  4:30  Cyclone  
  40  4:39  SCV  
  41  4:45  Barracks Reactor  
  41  4:47  Reaper  
  41  4:51  SCV  
  43  5:01  Engineering Bay  
  43  5:02  Supply Depot  
  43  5:03  SCV  
  44  5:15  SCV  
  39  5:37  Unknown  
  32  5:50  Marine x2  
  28  6:24  Viking  
  21  6:38  Barracks Tech Lab  
  21  6:43  Siege Tank  
  24  6:57  Orbital Command  
  24  7:05  SCV  
  25  7:17  SCV  
  26  7:24  Marine x3  
  26  7:27  SCV  
  26  7:29  SCV  
  31  7:35  Barracks x2  
  30  7:39  SCV  
  30  7:41  Marine x2  
  30  7:42  SCV  
  31  7:51  Missile Turret  
  31  7:57  Missile Turret  
  29  7:59  SCV  
  28  8:16  SCV  
  28  8:18  SCV  
  29  8:26  Marine x3  
  32  8:27  Marine x2  
  32  8:28  SCV  
  34  8:34  Missile Turret  
  34  8:36  SCV  
  33  8:44  Marine  
  34  8:53  SCV  
  34  8:54  Marine x2  
  34  8:55  Marine  
  38  8:57  SCV  
  39  9:04  Marine  
  39  9:05  SCV  
  39  9:09  SCV  
  42  9:16  Marine x3  
  45  9:26  Marine x2  
  47  9:40  Marine x2  
  49  9:46  Marine  
  49  9:47  Marine  
  49  9:50  Raven  
  46  10:22  SCV  
  46  10:23  SCV  
  46  10:25  Barracks Reactor x2  
  46  10:29  Command Center, Unknown  
  46  10:35  Stimpack  
  44  10:40  SCV  
  45  11:02  Marine x3  
  45  11:03  Marine  
  49  11:07  Marine x2  
  49  11:10  SCV  
  52  11:14  Missile Turret  
  41  11:37  SCV  
  41  11:38  SCV  
  43  11:47  Marine x6  
  43  11:49  SCV  
  43  11:50  Medivac, SCV  
  53  12:02  SCV  
  53  12:03  Missile Turret, SCV  
  53  12:06  Marine x2  
  53  12:07  Marine  
  58  12:10  Marine  
  58  12:11  Marine  
  58  12:14  SCV  
  61  12:20  Medivac  
  61  12:21  Marine x2  
  65  12:24  Marine  
  65  12:38  Marine x4  
  65  12:41  Marine  
  70  12:47  Marine x2  
  64  12:55  Marine  
  49  13:06  Marine  
  49  13:07  Marine x3  
  49  13:08  Marine  
  49  13:12  Marine  
  55  13:13  Combat Shields  
  55  13:14  Medivac  
  55  13:15  Terran Infantry Weapons Level 1  
  55  13:17  SCV  
  58  13:21  SCV  
  59  13:28  Marine  
  59  13:29  Marine  
  61  13:53  Marine x5  
  61  13:54  Siege Tank  
  60  14:22  Marine  
  60  14:23  Marine x4  
  58  14:33  Orbital Command  
  58  14:37  Siege Tank  
  58  14:38  Starport Reactor  
  55  14:39  SCV  
  55  14:42  Marine x4, Supply Depot  
  55  14:43  Marine  
  61  14:47  Refinery  
  61  14:49  Refinery  
  61  14:54  Marine x2  
  64  15:00  Marine, SCV x2  
  64  15:02  Marine  
  67  15:12  SCV x2  
  67  15:14  Marine x2  
  70  15:17  Medivac  
  73  15:24  SCV x2  
  73  15:28  Marine  
  76  15:34  Marine x2  
  78  15:41  Marine  
  78  15:51  Barracks  
  78  15:53  Marine  
  78  15:54  Barracks  
  62  16:27  Marine x4, SCV  
  62  16:29  Marine  
  62  16:37  Supply Depot x2  
  62  16:38  SCV  
  62  16:39  SCV, Supply Depot, Barracks Reactor  
  67  16:45  Marine  
  70  16:47  Barracks Reactor, Armory, Engineering Bay x2  
  70  16:55  Barracks Reactor, SCV  
  70  16:56  Barracks Reactor x2, SCV  
  70  16:57  Factory Tech Lab  
  70  16:58  Starport Reactor  
  67  17:08  SCV x2  
  69  17:20  SCV x2  
  67  17:28  Marine x6  
  73  17:38  Marine x4  
  73  17:39  Siege Tank  
  73  17:40  Medivac x2, SCV  
  73  17:41  SCV  
  86  17:44  Marine  
  86  17:49  Terran Infantry Armor Level 1  
  86  17:50  Command Center, Marine x2, Unknown  
  86  17:51  Marine x4  
  92  17:53  SCV  
  94  18:00  Supply Depot  
  94  18:05  Supply Depot  
  94  18:07  Marine x2  
  94  18:08  Marine x5, SCV  
  94  18:10  Marine x4  
  105  18:17  Supply Depot  
  97  18:38  Marine x5  
  97  18:39  Marine x4, Siege Tank  
  97  18:40  Medivac  
  111  18:45  Marine  
  111  18:46  Marine x2  
  114  18:49  Supply Depot  
  114  18:52  Refinery x2  
  114  18:53  Supply Depot  
  114  19:03  Marine x6  
  114  19:04  Marine x4  
  78  19:46  Marine x2  
  78  19:48  Orbital Command  
  78  19:52  Marine x2  
  58  20:53  Marine  
  51  21:15  Command Center, Unknown  
  32  22:45  Unknown  
  32  22:47  Engineering Bay  
  32  22:59  Command Center, Unknown  
Tags
 
Add a new tag
Caveats
  • Supply blocks, unpowered buildings, or Contaminate may cause inaccurate times.
  • Supply counts are checked every 10 seconds.